 Dungeon Crawl Stone Soup version 0.31.0-11-ge490571c62 (webtiles) character file.

Game seed: 7373349036211960886

56 qw the Shooter (level 3, -1/18 HPs)
             Began as a Spriggan Hunter on Feb 4, 2024.
             Slain by a cerulean imp
             ... wielding a +1 spear
             ... summoned by Natasha
              (2 damage)
             ... on level 2 of the Dungeon.
             The game lasted 00:00:03 (1139 turns).

qw the Shooter (Spriggan Hunter)                    Turns: 1139, Time: 00:00:03

Health: -1/18      AC:  2    Str:  7    XL:     3   Next: 69%
Magic:  4/4        EV: 19    Int: 10    God:
Gold:   33         SH:  0    Dex: 20    Spells: 2/2 levels left

rFire   . . .        a - +0 shortbow
rCold   . . .        (shield currently unavailable)
rNeg    . . .        c - +0 robe
rPois   .            (helmet restricted)
rElec   .            (no cloak)
rCorr   .            (gloves unavailable)
SInv    +            (boots unavailable)
Will    .....        (no amulet)
Stlth   ++           (no ring)
HPRegen 0.23/turn    (no ring)
MPRegen 0.09/turn

%: no passive effects
@: about to teleport, very quick
A: very small, no large weapons, unfitting armour, see invisible, speed 3
a: no special abilities


You were on level 2 of the Dungeon.
You visited 1 branch of the dungeon, and saw 2 of its levels.

You collected 33 gold pieces.


Innate Abilities, Weirdness & Mutations

You are very small and have problems with some larger weapons.
You are too small for most types of armour.
You have supernaturally acute eyesight. (SInv)
You cover ground extremely quickly. (Speed+++)


   Skills:
 - Level 1.5 Fighting
 + Level 4.9 Ranged Weapons
 - Level 4.0 Dodging
 - Level 1.5 Stealth


You had 2 spell levels left.
You didn't know any spells.
Your spell library was empty.

Inventory:

Hand Weapons
 a - a +0 shortbow (weapon)
Armour
 c - a +0 robe (worn)
Jewellery
 b - a +5 ring of evasion
Potions
 d - a potion of haste
 e - a potion of invisibility {unknown}
 h - a potion of heal wounds {unknown}
 i - 2 potions of curing

Dungeon Overview and Level Annotations

Branches:
Dungeon (2/15)

Altars:
Wu Jian

Shops:
D:2 :

Annotations:
D:2 Natasha


Message History

The ball python is severely wounded.
You shoot an arrow. The arrow hits the ball python!
You kill the ball python!
b - a +5 ring of evasion You see here a +0 sling.
Found a stone staircase leading down.
There is a stone staircase leading down here.
Found a stone staircase leading down.
Found a stone staircase leading up.
You see here the +1 dagger of the Middle {protect, rPois MP+9 Dex+2}.
There is a stone staircase leading down here.
Natasha, Servant of Life and Death comes into view.
You shoot an arrow. The arrow closely misses Natasha.
Natasha misses you.
You shoot an arrow. The arrow hits Natasha.
Natasha is lightly wounded.
Natasha misses you.
You shoot an arrow. The arrow hits Natasha!
Natasha is severely wounded.
Natasha casts a spell.
You shoot an arrow. The arrow hits Natasha.
Natasha is almost dead.
Natasha claws you. The cerulean imp misses you.
You shoot an arrow. The arrow barely misses Natasha.
Natasha misses you.
The cerulean imp hits you with a +1 spear.
You shoot an arrow. The arrow closely misses Natasha.
Natasha closely misses you. The cerulean imp closely misses you.
You shoot an arrow. The arrow barely misses Natasha.
Natasha casts a spell at you. The magic dart hits you!
The cerulean imp barely misses you.
1138 ||| READING scroll of teleportation.
As you read the scroll of teleportation, it crumbles to dust.
You feel strangely unstable.
Natasha casts a spell.
The cerulean imp closely misses you.
You shoot an arrow. The arrow closely misses Natasha.
Natasha claws you.
The cerulean imp hits you with a +1 spear.
You die...

###...#.###.# #.#
...^...#....# #.#
.##...#.##### #.# ##.#.##
#.# #.#.# ###########.#
..##.#.########<...>).....#
.............##5###########
..#########...#5####### .
#.....h@.>...#
#..%.#.#####.# #.#....#
###.####### #..........
#.#<.......
.#######.#########
.%.......# ##########


You could see Natasha and 2 cerulean imps.

Vanquished Creatures
  Natasha (D:2)
  6 ball pythons
  A bat (D:1)
  6 endoplasms
  3 giant cockroaches
  2 goblins (D:1)
  2 hobgoblins
  2 quokkas (D:1)
  A frilled lizard (D:2)
  2 rats
26 creatures vanquished.

Notes
Turn   | Place    | Note
-------+----------+-------------------------------------------
     0 | D:1      | qw the Spriggan Hunter began the quest for the Orb.
     0 | D:1      | Reached XP level 1. HP: 10/10 MP: 2/2
     0 | D:1      | 0 ||| qw: Version: 0.3-a-160-g6735b56
     0 | D:1      | 0 ||| qw: Game counter: 5634
     0 | D:1      | 0 ||| qw: Melee chars always use a shield: true
     0 | D:1      | 0 ||| qw: God list: Okawaru
     0 | D:1      | 0 ||| qw: Allow faded altars: false
     0 | D:1      | 0 ||| qw: Do Orc after clearing Dungeon:15 true
     0 | D:1      | 0 ||| qw: Do second Lair branch before Depths: true
     0 | D:1      | 0 ||| qw: Lair rune preference: random
     0 | D:1      | 0 ||| qw: Goals: Normal
     0 | D:1      | 0 ||| PLANNING D:1-11
    18 | D:1      | Reached skill level 3 in Dodging
   137 | D:1      | Reached XP level 2. HP: 14/14 MP: 3/3
   900 | D:1      | 900 ||| READING scroll labelled QYIGIAHUHA.
   901 | D:1      | 901 ||| READING 2 scrolls labelled UFOID KOBREXUBIE.
   905 | D:1      | 905 ||| READING scroll labelled GADIUPNAAST.
   906 | D:1      | 906 ||| DRINKING 2 orange potions.
   907 | D:1      | 907 ||| DRINKING 3 inky potions.
   908 | D:1      | 908 ||| DROPPING scroll of butterflies.
   986 | D:2      | Found an ornate altar of the Wu Jian Council.
   993 | D:2      | Noticed Natasha
  1001 | D:2      | Killed Natasha
  1002 | D:2      | Reached XP level 3. HP: 8/18 MP: 4/4
  1068 | D:2      | Found Jiozuqy's Book Boutique.
  1123 | D:2      | Identified the +1 dagger of the Middle {protect, rPois MP+9
                  | Dex+2}
  1130 | D:2      | Noticed Natasha
  1137 | D:2      | HP: 1/18 [Natasha/magic dart (8)]
  1138 | D:2      | 1138 ||| READING scroll of teleportation.
  1139 | D:2      | Slain by a cerulean imp

Levels and vault maps discovered:
D:1:      dpeg_arrival_rooms_c, layout_basic, chequers_arboretum,
          minmay_split_cup_small
D:2:      layout_loops_ring, hellmonk_ecumenical_altar_run_dry, serial_shops,
          shop, shop, basic_altar, uniq_natasha

Skill      XL: |  1  2 |
---------------+-------+-----
Dodging        | 3 4 |  4.0
Fighting       | |  1.5
Ranged Weapons | |  4.9
Stealth        | |  1.5

Action                     || total
---------------------------++-------
   Fire: Shortbow          ||    86
    Use: Scroll            ||     4
         Potion            ||     2
 Armour: Robe              ||    12
  Dodge: Dodged            ||    33

Table legend:
 A = Non-vault XP
 B = Vault XP
 C = Vault XP percentage of total XP
 D = Non-vault monster count
 E = Vault monster count
 F = Vault count percentage of total count
                 A         B        C        D         E       F
            +---------+---------+-------+---------+---------+-------
      Total |      39 |      41 |  51.2 |      22 |       4 |  15.4
            +---------+---------+-------+---------+---------+-------
        D:1 |      27 |       6 |  18.2 |      15 |       3 |  16.7
        D:2 |      12 |      35 |  74.5 |       7 |       1 |  12.5
            +---------+---------+-------+---------+---------+-------
